 Dungeon Crawl Stone Soup version 0.26-b1-45-g23770d1d51 (webtiles) character file.

Game seed: 8307710360652163250

51 Mattiprrivan the Skirmisher (level 3, -1/40 HPs)
             Began as an Ogre Chaos Knight on Jan 6, 2021.
             Was a Plaything of Xom.
             Slain by Crazy Yiuf
             ... wielding a +4 quarterstaff of chaos
              (20 damage)
             ... on level 2 of the Dungeon.
             The game lasted 00:15:03 (1986 turns).

Mattiprrivan the Skirmisher (Ogre Chaos Knight)     Turns: 1986, Time: 00:15:03

Health: -1/40      AC:  5    Str: 16    XL:     3   Next: 83%
Magic:  3/3        EV: 10    Int: 13    God:    Xom [......]
Gold:   88         SH:  0    Dex:  9    Spells: 2/2 levels left

rFire    . . .     SeeInvis .   a - +0 hand axe (chaos)
rCold    + . .     Faith    .   (no shield)
rNeg     . . .     Spirit   .   b - +2 robe
rPois    .         Reflect  .   (helmet restricted)
rElec    .         Harm     .   (no cloak)
rCorr    .         Rampage  .   (gloves unavailable)
Will     .....                  (boots unavailable)
Stlth    +.........             (no amulet)
HPRegen  0.00/turn              f - ring of protection from cold
MPRegen  0.08/turn              (no ring)

@: mighty
A: large, unfitting armour, mutation resistance 1, inhibited regeneration, tough
skin 1
a: Renounce Religion


You were on level 2 of the Dungeon.
You worshipped Xom.
You were a very special plaything of Xom.
You visited 1 branch of the dungeon, and saw 2 of its levels.

You collected 88 gold pieces.

Inventory:

Hand Weapons
 a - a +0 hand axe of chaos (weapon)
Armour
 b - a +2 robe (worn)
Jewellery
 f - a ring of protection from cold (left hand)
Scrolls
 c - 3 scrolls of remove curse
Potions
 e - a potion of curing
 g - a potion of flight
 h - a potion of brilliance


   Skills:
 * Level 4.3 Fighting
 * Level 3.4(3.6) Axes
 * Level 0.7(2.1) Maces & Flails
 * Level 0.8(2.3) Polearms
 * Level 0.2 Armour
 * Level 2.5 Dodging
 * Level 0.7 Stealth


You had 2 spell levels left.
You didn't know any spells.
Your spell library was empty.

Dungeon Overview and Level Annotations

Branches:
Dungeon (2/15)

Altars:

Annotations:
D:2 Crazy Yiuf


Innate Abilities, Weirdness & Mutations

You are too large for most types of armour.
You have tough skin. (AC +1)
You are somewhat resistant to further mutation.
You do not regenerate when monsters are visible.


Message History

You closely miss something.
Something bites you but does no damage. x2
You hit something. You burn something.
Reactivating autopickup.
You feel a bit more experienced.
Found a glowing mace.
Found a runed translucent door.
Crazy Yiuf shouts!
You feel very mighty all of a sudden. As you open the door, it creaks loudly!
You slash Crazy Yiuf!
Crazy Yiuf is heavily wounded.
Crazy Yiuf hits you with a +4 quarterstaff of chaos!
Crazy Yiuf burns you.
You hit Crazy Yiuf but do no damage.
Crazy Yiuf flickers and vanishes!
Deactivating autopickup; reactivate with Ctrl-A.
Xom is amused.
Something hits you.
You barely miss something. Something hits you!
You are electrocuted!!
Ouch! That really hurt!
You die... "What!?
That's it?"

###### ###
##..#.## ###..)#
#......####@{...#
#.......#..##...#
#.#.#..#.### ###
######.########
........#
#########


There were no monsters in sight!

Vanquished Creatures
  An adder (D:2)
  A dart slug (D:1)
  A leopard gecko (D:1)
  An orc (D:2)
  3 giant cockroaches
  3 hobgoblins
  8 jackals (D:2)
  5 kobolds
  4 bats
  2 frilled lizards
  5 rats
34 creatures vanquished.

Vanquished Creatures (others)
  A plant (D:1)
1 creature vanquished.

Grand Total: 35 creatures vanquished

Notes
Turn   | Place    | Note
-------+----------+-------------------------------------------
     0 | D:1      | Mattiprrivan the Ogre Chaos Knight began the quest for the
                  | Orb.
     0 | D:1      | Reached XP level 1. HP: 24/24 MP: 1/1
    29 | D:1      | XOM: divination: detect creatures
    64 | D:1      | XOM: smoke on damage
   450 | D:1      | Reached XP level 2. HP: 32/32 MP: 2/2
   615 | D:1      | You fall into a shaft and drop 1 floor!
   749 | D:2      | Gained mutation: You do not regenerate when monsters are
                  | visible. [potion of mutation]
   749 | D:2      | Gained mutation: You are somewhat resistant to further
                  | mutation. [potion of mutation]
   929 | D:1      | XOM: 3-stop teleportation journey
   972 | D:1      | XOM: 2-stop teleportation journey
  1235 | D:1      | Reached XP level 3. HP: 38/39 MP: 3/3
  1331 | D:2      | XOM is BORED!
  1331 | D:2      | XOM: 1-stop teleportation journey
  1978 | D:2      | Found a runed translucent door.
  1979 | D:2      | Noticed Crazy Yiuf
  1986 | D:2      | Slain by Crazy Yiuf

Illustrated notes

Levels and vault maps discovered:
D:1:      dpeg_arrival_concentric_ovals, layout_basic, serial_forest,
          infiniplex_forest_straight_4, infiniplex_forest_join,
          infiniplex_forest_clump_double, infiniplex_forest_fountain,
          minmay_misc_feat_secret_circle
D:2:      layout_basic, patterned_corridor, uniq_crazy_yiuf_cottage,
          uniq_sigmund

Action                   || total
-------------------------++-------
Melee: Hand axe          ||   107
  Use: Scroll            ||     9
       Potion            ||     7
 Stab: Paralysed         ||     1
Armor: Robe              ||    44
Dodge: Dodged            ||    46
